 Dungeon Crawl Stone Soup version 0.32-a0-120-gfac0567ad4 (webtiles) character file.

Game seed: 13341450299839037712

3106 Ceno the Covert (level 9, -4/48 HPs)
             Began as a Vine Stalker Earth Elementalist on Feb 7, 2024.
             Was a Believer of Uskayaw.
             Slain by a troll (10 damage)
             ... on level 7 of the Dungeon.
             The game lasted 00:19:25 (7016 turns).

Ceno the Covert (Vine Stalker Earth Elementalist)   Turns: 7016, Time: 00:19:26

Health: -4/48      AC:  3    Str: 11    XL:     9   Next: 90%
Magic:  0/29       EV: 12    Int: 15    God:    Uskayaw [**....]
Gold:   234        SH:  0    Dex: 19    Spells: 11/22 levels left

rFire   . . .        y - +2 dagger (venom)
rCold   . . .        (no shield)
rNeg    . . .        d - +0 leather armour
rPois   .            (no helmet)
rElec   .            (no cloak)
rCorr   .            (no gloves)
SInv    .            (no boots)
Will    +....        (no amulet)
Stlth   ++++         p - ring of magical power
HPRegen 1.08/turn    (no ring)
MPRegen 0.21/turn

%: guardian spirit
@: no status effects
A: fangs 3, regeneration 1, magic shield, antimagic bite, no potion heal 2
a: Renounce Religion, Stomp, Line Pass


You were on level 7 of the Dungeon.
You worshipped Uskayaw.
Uskayaw was noncommittal.
You visited 2 branches of the dungeon, and saw 9 of its levels.
You also visited: Bailey.

You collected 234 gold pieces.

Inventory:

Hand Weapons
 g - a +2 dagger of speed
 r - a +0 rapier
 y - a +2 dagger of venom (weapon)
Missiles
 f - 72 stones (quivered)
 v - 2 poisoned darts
Armour
 a - a +0 robe
 d - a +0 leather armour (worn)
Jewellery
 p - a ring of magical power (left hand)
 s - a ring of magical power
 z - a +6 ring of intelligence
Wands
 n - a wand of digging (5)
 x - a wand of roots (9)
Scrolls
 e - a scroll of fog
 h - a scroll of fear
 i - a scroll of vulnerability {unknown}
 k - a scroll of amnesia
 l - a scroll of enchant weapon {unknown}
 m - a scroll of silence {unknown}
 o - a scroll of immolation
 q - a scroll of noise {unknown}
 t - a scroll of enchant armour {unknown}
 A - a scroll of revelation {unknown}
 B - a scroll of poison {unknown}
Potions
 c - 4 potions of haste
 j - a potion of ambrosia
 u - a potion of cancellation
 w - a potion of might
 C - a potion of curing {unknown}
 D - a potion of invisibility {unknown}


   Skills:
 + Level 6.0 Fighting
 + Level 6.0 Short Blades
 - Level 1.5 Dodging
 + Level 9.3 Stealth
 + Level 7.0 Spellcasting
 - Level 1.0 Conjurations
 - Level 3.0 Earth Magic


You had 11 spell levels left.
You knew the following spells:

 Your Spells              Type           Power      Damage    Failure   Level
a - Sandblast             Erth           28%        2d8       4%          1
b - Passwall              Erth           14%        N/A       16%         3
c - Stone Arrow           Conj/Erth      22%        3d8       22%         3
d - Petrify               Alch/Erth      9%         N/A       67%         4

Your spell library contained the following spells:

 Spells                   Type           Power      Damage    Failure   Level
 Magic Dart               Conj           32%        1d4       12%         1
 Shock                    Conj/Air       24%        1d4       14%         1
 Freeze                   Ice            20%        1d4       17%         1
 Blink                    Tloc           10%        N/A       26%         2
 Call Imp                 Summ           10%        N/A       26%         2
 Hailstorm                Conj/Ice       6%         3d5       38%         3
 Frozen Ramparts          Ice            10%        1d2       45%         3
 Swiftness                Air            5%         N/A       45%         3
 Brom's Barrelling Bould  Conj/Erth      11%        2d3       58%         4
 Airstrike                Air            2%         2d(1-17)  86%         4


Dungeon Overview and Level Annotations

Branches:
Dungeon (8/15)             Temple (1/1) D:4          Bailey (visited)
   Lair: D:8-11

Altars:
Ashenzari
Cheibriados
Dithmenos
Elyvilon
Fedhas
Gozag
Hepliaklqana
Kikubaaqudgha
Makhleb
Nemelex Xobeh
Okawaru
Qazlal
Ru
Sif Muna
Trog
Uskayaw
Vehumet
Wu Jian
Xom
Yredelemnul
Zin
The Shining One

Shops:
D:1 (

Annotations:
D:4 exclusions: iguana and jelly, Dowan, Duvessa
D:5 1 runed translucent door, Gryn's ghost, novice GrEE
D:6 Grinder
D:7 exclusion: troll, Maurice
D:8 Grum


Innate Abilities, Weirdness & Mutations

You have razor-sharp teeth.
Your natural rate of healing is unusually fast.
When hurt, damage is shared between your health and your magic reserves.
Your bite disrupts and absorbs the magic of your enemies.
Potions cannot restore your health.


Message History

The blast of sand hits the troll.
The troll is lightly wounded.
Casting: Sandblast (safe; 4% risk of failure)
Confirm with . or Enter, or press ? or * to list all spells.
Aiming: Sandblast (safe; 4% risk of failure)
Press: ? - help, Shift-Dir - straight line, f/p - troll
Aim: a troll (lightly wounded, 82% to hit)
The blast of sand hits the troll.
The troll is lightly wounded.
The troll bites you! The troll claws you. The troll claws you!
You hit the troll but do no damage. You punch the troll.
The troll is lightly wounded.
You hit the troll but do no damage.
The troll is poisoned.
The troll is lightly wounded.
The troll bites you! The troll claws you. The troll completely misses you.
You are too injured to fight recklessly!
You closely miss the troll. You punch the troll, but do no damage.
You bite the troll. You drain its power.
You feel invigorated.
The troll is moderately wounded.
The troll bites you. The troll claws you. The troll claws you!
* * * LOW HITPOINT WARNING * * *
You can now pass through a line of other dancers.
You barely miss the troll. Your bite misses the troll.
The troll is moderately wounded.
You barely miss the troll. Your punch misses the troll.
The troll is moderately wounded.
The troll bites you.
* * * LOW HITPOINT WARNING * * *
The troll barely misses you. The troll claws you.
* * * LOW HITPOINT WARNING * * *
Casting: Sandblast (safe; 4% risk of failure)
Confirm with . or Enter, or press ? or * to list all spells.
Aiming: Sandblast (safe; 4% risk of failure)
Press: ? - help, Shift-Dir - straight line, f/p - troll
Aim: a troll (moderately wounded, very poisoned, 82% to hit)
The blast of sand hits the troll.
The troll is moderately wounded.
The troll bites you!
You die...
Your body falls in perfect tune with the rhythm.

...####...########..###...#......
(.........#.......<.#.....#.<....
..........#.........'.....#.[)...
..........#.........#.....#.)....
..........#.........#.....#......
..........#.........#.....#......
...f......#.........#.....#......
##'####+###################......
....###.#......T@...............#
....#...#.......................#
....#...#.......................'
....#...#.......................#
....'...'.....>.................#
....###'#................########
##.........#'#############.......
#.........#.............#.......
#.........#.............#.......


You could see a troll (very poisoned).

Vanquished Creatures
  5 yaks (D:7)
  Eustachio (D:4)
  A water moccasin (D:6)
  An orc warrior (D:7)
  A sky beast (D:7)
  4 ogres
  A wolf (D:7)
  3 centaurs
  A phantom (D:7)
  Blork the orc (D:4)
  2 bullfrogs (D:7)
  4 scorpions
  A bombardier beetle (D:4)
  A hound (D:6)
  An orc priest (D:5)
  2 jellies
  A gnoll bouda (D:7)
  3 sleepcaps
  3 iguanas
  7 orc wizards
  3 gnolls
  7 adders
  3 white imps (D:6)
  4 ufetubi (D:5)
  A ribbon worm (D:2)
  A dart slug (D:4)
  33 orcs
  5 ball pythons
  5 endoplasms
  3 giant cockroaches
  13 goblins
  8 hobgoblins
  3 quokkas
  6 bats
  A frilled lizard (D:1)
  7 kobolds
147 creatures vanquished.

Notes
Turn   | Place    | Note
-------+----------+-------------------------------------------
     0 | D:1      | Ceno the Vine Stalker Earth Elementalist began the quest
                  | for the Orb.
     0 | D:1      | Reached XP level 1. HP: 9/9 MP: 4/4
   220 | D:1      | Reached XP level 2. HP: 14/14 MP: 3/6
   425 | D:1      | Found Gely's Weapon Emporium.
   591 | D:1      | Reached skill level 3 in Stealth
   723 | D:1      | Reached XP level 3. HP: 17/17 MP: 5/7
  1118 | D:2      | Reached skill level 1 in Fighting
  1118 | D:2      | Reached skill level 1 in Short Blades
  1465 | D:2      | Learned a level 3 spell: Passwall
  1469 | D:2      | Learned a level 3 spell: Stone Arrow
  1776 | D:3      | Reached XP level 4. HP: 22/22 MP: 9/9
  1956 | D:3      | Found a faded altar of an unknown god.
  2310 | D:3      | Reached skill level 4 in Stealth
  2310 | D:3      | Reached XP level 5. HP: 22/26 MP: 1/10
  2788 | D:3      | Found a bloodstained altar of Trog.
  2788 | D:3      | Found a snail-covered altar of Cheibriados.
  2827 | D:3      | Found a broken altar of Ashenzari.
  2956 | D:3      | Found a faded altar of an unknown god.
  2958 | D:3      | Found a glowing silver altar of Zin.
  3046 | D:4      | Reached XP level 6. HP: 30/30 MP: 12/12
  3317 | D:4      | Found a staircase to the Ecumenical Temple.
  3326 | Temple   | Entered the Ecumenical Temple
  3327 | Temple   | Noticed Ypuri the pandemonium lord
  3327 | Temple   | Noticed Wonuf the pandemonium lord
  3327 | Temple   | Noticed a soul eater
  3327 | Temple   | Noticed an orange demon
  3328 | Temple   | Noticed a cacodemon
  3330 | Temple   | Noticed Cezannan the pandemonium lord
  3343 | Temple   | Became a worshipper of Uskayaw the Reveller
  3462 | D:4      | Noticed Eustachio
  3471 | D:4      | Reached * piety under Uskayaw
  3492 | D:4      | Reached ** piety under Uskayaw
  3499 | D:4      | Reached *** piety under Uskayaw
  3500 | D:4      | Killed Eustachio
  3501 | D:4      | Reached skill level 5 in Stealth
  3501 | D:4      | Reached XP level 7. HP: 32/35 MP: 14/14
  3640 | D:4      | Noticed Blork the orc
  3656 | D:4      | Killed Blork the orc
  3787 | D:4      | Noticed Duvessa
  3787 | D:4      | Noticed Dowan
  3885 | D:5      | Entered Level 5 of the Dungeon
  3905 | D:4      | Reached skill level 6 in Stealth
  3958 | D:5      | Found a runed translucent door.
  3962 | D:5      | Noticed Gryn's ghost (novice GrEE)
  4167 | D:5      | Gained mutation: You have razor-sharp teeth. [Vine Stalker
                  | growth]
  4167 | D:5      | Reached XP level 8. HP: 42/42 MP: 12/16
  4172 | D:5      | Learned a level 4 spell: Petrify
  4459 | D:5      | Reached skill level 5 in Spellcasting
  4830 | D:6      | Reached skill level 7 in Stealth
  4877 | D:6      | Noticed Grinder
  5516 | D:7      | Noticed Maurice
  5620 | D:7      | Noticed a troll
  5693 | D:7      | Reached XP level 9. HP: 41/46 MP: 13/19
  5755 | D:7      | Reached skill level 5 in Fighting
  5755 | D:7      | Reached skill level 5 in Short Blades
  5755 | D:7      | Reached skill level 8 in Stealth
  6075 | D:7      | Reached **** piety under Uskayaw
  6090 | D:7      | HP: 1/47 [yak (8)]
  6094 | D:7      | Reached ***** piety under Uskayaw
  6317 | D:8      | Found a flagged portal.
  6334 | Bailey   | Entered a bailey
  6362 | D:8      | Noticed Grum
  6394 | D:7      | Reached skill level 9 in Stealth
  7016 | D:7      | Slain by a troll

Illustrated notes

Levels and vault maps discovered:
D:1:      amcnicky_arrival_wind_blow, layout_basic, serial_shops, shop,
          chequers_serial_rivers_micro_d
D:2:      layout_basic, st_stairs_7
D:3:      layout_loops_ring, chequers_temple_overflow_minitemple,
          basic_ecumenical_altar, hellmonk_no_cap
D:4:      layout_loops_cross, minmay_temple_entry_junction, uniq_duvessa,
          uniq_blork_the_orc, uniq_eustachio
D:5:      cheibrodos_quashed, layout_rooms, gammafunk_ghost_grave,
          kennysheep_generic_room_10
D:6:      layout_rooms, uniq_grinder
D:7:      layout_gridville, uniq_maurice
D:8:      layout_cave_pools, enter_bailey_3, nicolae_specific_store,
          dreamdust_princess_bridge, minmay_nine_imps, uniq_grum
Temple:   nicolae_temple_panitentiary

Skill      XL: |  1  2  3  4  5  6  7  8  9 |
---------------+----------------------------+-----
Stealth        | 3 4 5 6 7 9 |  9.3
Fighting       | 1 2 3 4 6 |  6.0
Short Blades   | 1 2 3 4 6 |  6.0
Spellcasting   | 3 4 6 7 |  7.0
Dodging        | |  1.5
Conjurations   | |  1.0
Earth Magic    | |  3.0

Action                     |  1- 3 |  4- 6 |  7- 9 || total
---------------------------+-------+-------+-------++-------
  Melee: Dagger            |    14 |   101 |   227 ||   342
         Unarmed           |     2 |       |       ||     2
         Bite              |     1 |    28 |    78 ||   107
         Punch             |       |     6 |    17 ||    23
  Throw: Stone             |       |     1 |     1 ||     2
         Dart              |       |       |     3 ||     3
   Cast: Sandblast         |    41 |    45 |    96 ||   182
         Passwall          |       |     4 |     3 ||     7
         Stone Arrow       |       |       |     1 ||     1
 Invoke: Line Pass         |       |       |     1 ||     1
    Use: Scroll            |       |       |     8 ||     8
         Potion            |       |       |     1 ||     1
   Stab: Sleeping          |     5 |     6 |     8 ||    19
         Paralysed         |       |     1 |     4 ||     5
 Armour: Leather armour    |     7 |    67 |   223 ||   297
  Dodge: Dodged            |    12 |    49 |   178 ||   239

Table legend: (Time is in decaauts)
 A = Elapsed time spent in this place.
 B = Non-inter-level travel time spent in this place.
 C = Inter-level travel time spent in this place.
 D = Time resting spent in this place.
 E = Time spent auto-exploring this place.
 F = Levels seen in this place.
 G = Mean time per level.
                   A        B        C        D        E       F      G
               +--------+--------+--------+--------+--------+-----+--------+
         Total |   7006 |   6605 |    401 |    762 |   4194 |  10 |  700.6 |
       Dungeon |   6959 |   6590 |    369 |    762 |   4194 |   8 |  869.9 |
        Temple |     34 |      2 |     32 |      0 |      0 |   1 |   34.0 |
        Bailey |     11 |     11 |      0 |      0 |      0 |   1 |   11.0 |
               +--------+--------+--------+--------+--------+-----+--------+

Top non-repeatable levels by time:
     D:7: 1465 daAuts
     D:3: 1254 daAuts
     D:1: 1120 daAuts
     D:5: 944 daAuts
     D:4: 768 daAuts
     D:2: 757 daAuts
     D:6: 489 daAuts
     D:8: 159 daAuts
  Temple: 34 daAuts
  Bailey: 11 daAuts
